AoeStats
← BYoooo

Hideout

509058920Analyzed
1v1 RM · 8d ago on Sep 25, 2026· 33m 31s· 2 players
Game mode
Random Map
Map size
Tiny (2 player)
Population
200
Speed
Normal
Resources
Standard
Victory
Conquest
Starting age
Dark Age
Ending age
Imperial Age
RankedLock teamsTeams togetherTeam positionsShared explorationLock speedFull tech treeHidden civsTurbo modeCheats
Victory
Defeat
🇪🇸 Khmer · Spain
664
+16
🇩🇪 Franks · Germany
658
-16
BYoooo
10:33 Feudal Age
11:04 Double-Bit Axe
18:15 Castle Age
18:03 Gold Mining
18:55 Scale Barding Armor
19:01 Forging
19:54 Bow Saw
22:03 Stone Mining
26:07 Wheelbarrow
31:14 Imperial Age
31:20 Imperial Age
28:39 Town Watch
29:26 Husbandry
30:33 Town Patrol
30:49 Hand Cart
30:19 Loom
32:37 Gold Shaft Mining
32:40 Iron Casting
Rasel
6:30 Loom
6:39 Loom
8:57 Feudal Age
9:27 Double-Bit Axe
9:23 Horse Collar
17:48 Castle Age
17:21 Wheelbarrow
19:20 Bloodlines
19:12 Husbandry
19:21 Scale Barding Armor
20:46 Bow Saw
22:33 Heavy Plow
29:35 Fletching
29:45 Padded Archer Armor
30:01 Forging
31:54 Tusk Swords
Connection lost

Rejoining the realm…

Still unreachable

The connection could not be restored.

Session expired

The server has moved on; the page needs a fresh start.